 Dungeon Crawl Stone Soup version 0.29.1-15-g9cfb28693d (webtiles) character file.

Game seed: 8525037361379153819

61 leafyfresh the Sneak (level 4, -1/33 HPs)
             Began as an Octopode Delver on Mar 4, 2023.
             Splashed by a jelly's acid (4 damage)
             ... on level 5 of the Dungeon.
             The game lasted 00:00:09 (130 turns).

leafyfresh the Sneak (Octopode Delver)               Turns: 130, Time: 00:00:09

Health: -1/33      AC: -7    Str: 11    XL:     4   Next: 7%
Magic:  4/4        EV: 13    Int: 14    God:
Gold:   0          SH:  0    Dex: 13    Spells: 3/3 levels left

rFire   . . .      SeeInvis .   a - +0 short sword
rCold   . . .      Faith    .   (no shield)
rNeg    . . .      Spirit   .   (helmet restricted)
rPois   .          Reflect  .   (no amulet)
rElec   .          Harm     .   (no ring)
rCorr   .          Rampage  .   (no ring)
Will    .....                   (no ring)
Stlth   ++++......              (no ring)
HPRegen 0.11/turn               (no ring)
MPRegen 0.09/turn               (no ring)
                                (no ring)
                                (no ring)

@: corroded
A: almost no armour, amphibious, 8 rings, camouflage 1, gelatinous body 1,
(nimble swimmer 1), tentacles
a: no special abilities


You were on level 5 of the Dungeon.
You visited 1 branch of the dungeon, and saw 1 of its levels.

Inventory:

Hand Weapons
 a - a +0 short sword (weapon)
Wands
 f - a wand of digging (3)
Scrolls
 b - a scroll of fog
 c - a scroll of magic mapping
 d - a scroll of fear
Potions
 e - a potion of haste


   Skills:
 + Level 3.6 Fighting
 - Level 2.0 Short Blades
 + Level 2.9 Dodging
 + Level 7.3 Stealth


You had 3 spell levels left.
You didn't know any spells.
Your spell library was empty.

Dungeon Overview and Level Annotations

Branches:
Dungeon (5/15)
 Temple: D:4-7

Altars:


Innate Abilities, Weirdness & Mutations

You cannot wear most types of armour.
You are amphibious.
You can wear up to eight rings at the same time.
Your skin changes colour to match your surroundings (Stealth+).
Your rubbery body absorbs attacks. (AC +1, EV +1)
((You are camouflaged when in or above water. (Stealth+)))
You have tentacles for arms and can constrict up to eight enemies at once.


Message History

You constrict the scorpion. The scorpion completely misses you.
The scorpion stings you.
A scorpion is nearby!
You hit the scorpion.
You kill the scorpion!
Your Stealth skill increases to level 7!
You have reached level 2!
You have reached level 3!
Your experience leads to an increase in your attributes!
Increase (S)trength, (I)ntelligence, or (D)exterity?
You feel clever. x2
You have reached level 4!
HP restored.
You see here a scorpion corpse.
Key pressed, stopping explore.
No target in view!
A jelly comes into view.
A jelly is nearby!
The jelly quivers.
A jelly is nearby!
A shadow comes into view.
The jelly barely misses you.
You hit the jelly. The acid corrodes you!
Your tentacles burn!
The jelly is moderately wounded.
The jelly hits you.
You are splashed with acid!
You barely miss the jelly.
The jelly is moderately wounded.
The jelly closely misses you.
You hit the jelly.
Your tentacles burn!
The jelly is moderately wounded.
The jelly barely misses you.
You are too injured to fight recklessly!
You are too injured to fight recklessly!
Unknown command.
You completely miss the jelly. You squeeze the jelly.
The jelly is severely wounded.
The jelly hits you. The acid corrodes you!
You are splashed with acid!
* * * LOW HITPOINT WARNING * * *
You hit the jelly but do no damage.
Your tentacles burn!
You die...

..##....##.##
.#####......#######.
# #.###....##...
#..†........#
####...####..# #
#.....###....# .#
#...#...#.##.# .#
#...#.....#..#.#..#
.......#.....@J....#
...###########.#.####
###. ...... #
#..#..#.. ##.#.## #.
..# . ### W. ..


You could see a shadow (dormant) and a jelly.

Vanquished Creatures
  A scorpion (D:5)
1 creature vanquished.

Notes
Turn   | Place    | Note
-------+----------+-------------------------------------------
     0 | D:5      | leafyfresh the Octopode Delver began the quest for the Orb.
     0 | D:5      | Reached XP level 1. HP: 16/16 MP: 1/1
    23 | D:5      | Noticed a scorpion
    26 | D:5      | Killed a scorpion
    27 | D:5      | Reached skill level 7 in Stealth
    27 | D:5      | Reached XP level 2. HP: 15/22 MP: 2/2
    27 | D:5      | Reached XP level 3. HP: 19/27 MP: 3/3
    27 | D:5      | Reached XP level 4. HP: 23/33 MP: 4/4
   125 | D:5      | Noticed a shadow
   130 | D:5      | Splashed by a jelly's acid

Illustrated notes

Levels and vault maps discovered:
D:5:      layout_rooms, hangedman_abyss_or_decor_passed, uniq_duvessa,
          uniq_crazy_yiuf_cottage, uniq_ijyb

Skill      XL: |  1 |
---------------+----+-----
Stealth        | 7 |  7.3
Fighting       | |  3.6
Short Blades   | |  2.0
Dodging        | |  2.9

Action                   |  1- 3 |  4- 6 || total
-------------------------+-------+-------++-------
Melee: Short sword       |     2 |     5 ||     7
       Constrict         |     1 |       ||     1
       Tentacles         |       |     1 ||     1
 Stab: Sleeping          |     1 |       ||     1
Dodge: Dodged            |     1 |     3 ||     4
